 Dungeon Crawl Stone Soup version 0.19-a0-1861-g35def1e (webtiles) character file.

199 Alarkh the Slasher (level 5, 0/38 HPs)
             Began as a Mummy Skald on Oct 12, 2016.
             Killed by divine providence
             ... invoked by an orc priest
              (8 damage)
             ... on level 4 of the Dungeon.
             The game lasted 00:05:07 (3576 turns).

Alarkh the Slasher (Mummy Skald)                    Turns: 3576, Time: 00:05:08

Health: 0/38       AC: 10    Str: 15    XL:     5   Next: 48%
Magic:  0/17       EV: 10    Int: 13    God:
Gold:   117        SH:  0    Dex: 11    Spells: 3 memorised, 3 levels left

rFire  x . .     SeeInvis .     a - +0 falchion
rCold  + . .     Gourm    .     q - +4 ring mail
rNeg   + + +     Faith    .     (no shield)
rPois  ∞         Spirit   +     (no helmet)
rElec  .         Dismiss  .     d - +0 cloak
rCorr  .         Reflect  .     (no gloves)
MR     +....     Harm     .     (no boots)
Stlth  +.........               p - amulet of guardian spirit
                                f - ring of protection from magic
                                k - ring of magical power

@: infused, very slightly contaminated
A: no food or potions, fire vulnerability, cold resistance 1, negative energy
resistance 3, torment resistance, unbreathing
a: no special abilities


You were on level 4 of the Dungeon.
You were not hungry.

You visited 1 branch of the dungeon, and saw 4 of its levels.

You collected 117 gold pieces.

Inventory:

Hand Weapons
 a - a +0 falchion (weapon)
 b - a +0 dagger of venom
Armour
 d - a +0 cloak (worn)
 l - a +0 leather armour
 q - a +4 ring mail (worn)
Jewellery
 f - a ring of protection from magic (right hand)
 i - a +3 ring of dexterity
 k - a ring of magical power (left hand)
 p - an amulet of guardian spirit (around neck)
Scrolls
 e - a scroll of identify
 g - 3 scrolls of immolation
 h - 2 scrolls of remove curse
 j - a scroll of blinking
 m - a scroll of enchant armour {unknown}
 n - 3 scrolls of enchant weapon {unknown}
 o - a scroll of magic mapping {unknown}
Books
 c - a book of Battle

   Spells                             Type                      Level
   a - Infusion                       Charms                       1
   b - Shroud of Golubria             Charms/Translocation         2
   c - Song of Slaying                Charms                       2
   d - Spectral Weapon                Hexes/Charms                 3
   e - Regeneration                   Charms/Necromancy            3


   Skills:
 - Level 2.0 Fighting
 + Level 4.1 Long Blades
 - Level 0.7 Armour
 - Level 0.7 Dodging
 + Level 2.6 Spellcasting
 + Level 2.9 Charms


You had 3 spell levels left.
You knew the following spells:

 Your Spells              Type           Power        Failure   Level  Hunger
a - Infusion              Chrm           #...         14%         1    N/A
b - Shroud of Golubria    Chrm/Tloc      #.........   38%         2    N/A
c - Spectral Weapon       Hex/Chrm       #.......     80%         3    N/A

Dungeon Overview and Level Annotations

Branches:
Dungeon (4/15)
 Temple: D:4-7

Altars:
Beogh


Innate Abilities, Weirdness & Mutations

You do not eat or drink.
Your flesh is vulnerable to fire.
You are immune to poison.
Your flesh is cold resistant. (rC+)
You are immune to negative energy. (rN+++)
You are immune to unholy pain and torment.
You can survive without breathing.


Message History

The orc hits you but does no damage.
The orc priest looks braver for a moment.
You hit the orc.
The orc is moderately wounded.
The orc barely misses you.
You riposte.
You hit the orc.
You kill the orc!
You hit the orc priest!
The orc priest is heavily wounded.
The orc priest mumbles some strange prayers to Beogh against you.
Beogh smites you! The orc priest completely misses you.
You are too injured to fight recklessly!
Okay, then.
The orc priest invokes the aid of Beogh against you.
You easily resist.
The orc priest mumbles some strange prayers to Beogh against you.
Beogh smites you!
* * * LOW HITPOINT WARNING * * *
The orc priest mumbles some strange prayers to Beogh against you.
Beogh smites you!
You die...

... #.....###..#
.... #.....##....
.... #.....##....
##.### #.....##....
#.######.....##....
#.##.........##....
#.#..###...........
#.#.## #.....###..#
##.@.# #.....# ##..
#(.### ####### ###
###..#####
#...o....#
#........# ##
#....o..## ..
#......## ..
#.....o# ##
#......o...$_#


You could see an orc priest.

Vanquished Creatures
  9 adders
  6 dart slugs
  3 worms (D:2)
  A leopard gecko (D:3)
  4 orcs
  6 giant cockroaches
  10 hobgoblins
  13 jackals
  9 kobolds
  2 quokkas
  7 bats
  5 frilled lizards
  12 goblins
  A quokka skeleton (D:4)
  A bush (D:2)
  A plant (D:3)
90 creatures vanquished.

Vanquished Creatures (others)
  2 bushes (D:2)
  3 plants
5 creatures vanquished.

Grand Total: 95 creatures vanquished

Notes
Turn   | Place    | Note
-------+----------+-------------------------------------------
     0 | D:1      | Alarkh the Mummy Skald began the quest for the Orb.
     0 | D:1      | Reached XP level 1. HP: 16/16 MP: 3/3
   152 | D:1      | Reached skill level 2 in Long Blades
   173 | D:1      | Reached XP level 2. HP: 16/22 MP: 0/5
   546 | D:1      | Reached XP level 3. HP: 25/27 MP: 6/6
   726 | D:2      | Reached skill level 3 in Long Blades
   861 | D:1      | Learned a level 2 spell: Shroud of Golubria
   865 | D:1      | Learned a level 3 spell: Spectral Weapon
  1373 | D:2      | Reached XP level 4. HP: 29/33 MP: 7/7
  2747 | D:3      | Reached XP level 5. HP: 37/38 MP: 8/8
  2881 | D:3      | Reached skill level 4 in Long Blades
  3254 | D:4      | Noticed a phantom
  3563 | D:4      | Found a roughly hewn altar of Beogh.
  3576 | D:4      | Killed from afar by an orc priest

Vault maps used:
D:1:      eino_arrival_cavern_e
D:2:      serial_forest, infiniplex_forest_zigzag_2, infiniplex_forest_pool,
          infiniplex_forest_clump_long, infiniplex_forest_side_room,
          infiniplex_forest_lined_ring, infiniplex_forest_lined_2,
          infiniplex_forest_clump_small, hangedman_glass_garden,
          minmay_misc_feat_enclosed
D:3:      serial_bayou, serial_bayou_pond_e, serial_bayou_lagoon_a,
          serial_bayou_ford_a, serial_bayou_pond_e
D:4:      serial_shops, shop, kennysheep_orc_chapel

Skill      XL: |  1  2  3  4  5 |
---------------+----------------+-----
Long Blades    | 2 3 4 |  4.1
Fighting       | |  2.0
Armour         | |  0.7
Dodging        | |  0.7
Spellcasting   | |  2.6
Charms         | |  2.9

Action                   |  1- 3 |  4- 6 || total
-------------------------+-------+-------++-------
Melee: Falchion          |    90 |   345 ||   435
 Cast: Infusion          |    25 |    37 ||    62
       Shroud of Golubri |       |     5 ||     5
  Use: Scroll            |       |     3 ||     3
Armor: Leather armour    |    27 |    51 ||    78
       Ring mail         |       |     4 ||     4
Dodge: Dodged            |    58 |   125 ||   183
       Rpst.: Falchion   |    19 |    42 ||    61
